 Dungeon Crawl Stone Soup version 0.31.0-11-ge490571c62 (webtiles) character file.

Game seed: 10090037954545173393

2 Goblin1989 the Sneak (level 1, -21/18 HPs)
             Began as a Demonspawn Delver on Feb 4, 2024.
             Demolished by an ogre
             ... wielding a +0 giant club
              (29 damage)
             ... on level 5 of the Dungeon.
             The game lasted 00:01:37 (102 turns).

Goblin1989 the Sneak (Demonspawn Delver)             Turns: 102, Time: 00:01:38

Health: -21/18     AC:  3    Str: 12    XL:     1   Next: 25%
Magic:  1/1        EV: 11    Int: 10    God:
Gold:   0          SH:  0    Dex: 14    Spells: 0/0 levels left

rFire   . . .        a - +0 mace
rCold   . . .        (no shield)
rNeg    . . .        b - +0 leather armour
rPois   .            (no helmet)
rElec   .            (no cloak)
rCorr   .            (no gloves)
SInv    .            (no boots)
Will    .....        (no amulet)
Stlth   ++           (no ring)
HPRegen 0.23/turn    (no ring)
MPRegen 0.07/turn

%: no passive effects
@: no status effects
A: no striking features
a: no special abilities


You were on level 5 of the Dungeon.
You visited 1 branch of the dungeon, and saw 1 of its levels.

Inventory:

Hand Weapons
 a - a +0 mace (weapon)
Armour
 b - a +0 leather armour (worn)
Wands
 g - a wand of digging (1) {@v3}
Scrolls
 c - a scroll of fog
 e - a scroll of fear
Potions
 f - a potion of haste {@q3,}


   Skills:
 - Level 3.0 Fighting
 + Level 2.0 Maces & Flails
 - Level 1.7 Dodging
 - Level 4.5 Stealth


You couldn't memorise any spells.
You didn't know any spells.
Your spell library was empty.

Dungeon Overview and Level Annotations

Branches:
Dungeon (5/15) Zot: 5894
 Temple: D:4-7

Altars:

Annotations:
D:5 exclusions: adder and ogre, Eustachio


Message History

Bad monster_list_colour key: strict_neutral Options error: Unknown explore stop condition 'gates' (Goblin1989.rc:83) Welcome, Goblin1989 the Demonspawn Delver.
It is said that the Orb of Zot exists deep within this dungeon.
Press ? for a list of commands and other information.
Found a leather armour.
Found a stone staircase leading down.
Found a scroll labelled SOWE COETE.
An ogre comes into view. It is wielding a +0 giant club.
An adder comes into view.
You see here a +0 leather armour.
There is a stone staircase leading down here.
Eustachio the Magnificent comes into view.
He is wielding a +0 falchion and wearing a +1 leather armour of positive energy.
Press: ? - help, . - travel You can't see that place. [the floor.] Placed new exclusion.
An orc comes into view. It is wielding a +0 mace.
You start waiting.
An orc is nearby!
An orc is nearby!
Aiming: Dig
Press: ? - help, Shift-Dir - straight line A rock wall.
The rock shatters into small pieces.
The orc shouts!
As you read the scroll of revelation, it crumbles to dust.
You feel aware of your surroundings.
You sensed 1 altar.
There's nothing to close nearby.
Unknown command.
The orc hits you with a +0 mace.
You take 4 damage, and have 14/18 hp.
MASSIVE DAMAGE!!
You barely miss the orc. The orc hits you with a +0 mace. x2
* * * LOW HITPOINT WARNING * * *
You take 7 damage, and have 7/18 hp.
MASSIVE DAMAGE!!
You closely miss the orc. The orc barely misses you.
You hit the orc but do no damage. The orc barely misses you.
You barely miss the orc. The orc barely misses you.
The orc hits you with a +0 mace!
* * * LOW HITPOINT WARNING * * *
You take 7 damage, and have 1/18 hp.
MASSIVE DAMAGE!!
You hit the orc.
The orc is lightly wounded.
The orc hits you but does no damage.
You closely miss the orc.
The orc is lightly wounded.
The orc barely misses you. x2
You hit the orc.
You kill the orc!
Your Maces & Flails skill increases to level 2!
You see here a +0 mace.
Aiming: Dig
Press: ? - help, Shift-Dir - straight line A rock wall.
The rock shatters into small pieces.
The ogre closely misses you.
You hit the ogre.
The ogre is lightly wounded.
The ogre hits you with a +0 giant club!!
Ouch! That really hurt!
You die...

····▓ ▓···▓▓▓·▓▓▓
▓·▓·····....
····▓▓▓▓···▓·▲·▲·▓
▓▓·····......
····▲···<··▓▓▓·▓▓▓
▓·····.....·.
····▓▓▓▓▓▓·▓·▲·▲·▓
█.▓▓·▓█....██ ····▓
▓·▓▓▓████▓ █.█▓·▓▓.....█
····▓ ▓···▓█..·▓
█.██▲███..... ····▓
▓···▓█.█████.....██.█..O
▓▓▓▓▓
▓▓▓▓▓█.........@.██.█...
██@███......██.█...
██O██....████.██..
██.█............>
██.████.███.█.██
██.███...█.█.██
██.████.█.█.██
██.███...██.█
██.......██) ████.██████


You could see an ogre.

Vanquished Creatures
  An orc (D:5)
1 creature vanquished.

Notes
Turn   | Place    | Note
-------+----------+-------------------------------------------
     0 | D:5      | Goblin1989 the Demonspawn Delver began the quest for the
                  | Orb.
     0 | D:5      | Reached XP level 1. HP: 18/18 MP: 1/1
     8 | D:5      | Noticed an ogre
    33 | D:5      | Noticed Eustachio
   102 | D:5      | Demolished by an ogre

Illustrated notes

Levels and vault maps discovered:
D:5:      layout_basic, lemuel_mausoleum_altar_yredelemnul,
          ebering_ghost_sewer_f, uniq_eustachio

Skill      XL: |  1 |
---------------+----+-----
Maces & Flails | 2 |  2.0
Fighting       | |  3.0
Dodging        | |  1.7
Stealth        | |  4.5

Action                     || total
---------------------------++-------
  Melee: Mace              ||     8
  Evoke: Wand              ||     2
    Use: Scroll            ||     1
 Armour: Leather armour    ||     6
  Dodge: Dodged            ||     6
